Map: Lerilak Crest

Players

intense

  • Race: Terran Terran
  • League: Grandmaster

Neeb - Winner!

  • Race: Protoss Protoss
  • League: Grandmaster

VOD

Have the link to the VOD?

Description

Time

  • Played on: Feb. 13, 2016, 6:49 p.m.
  • Length: 10:29
Show
View Real Time Build Order
Export as new Build Order

intense Terran 

Build Orders: Liberator Opening, Reaper Expand, MMM Bio 

Get SALT Encoding   

  12  0:00  SCV  
  13  0:12  SCV  
  14  0:17  Supply Depot  
  14  0:24  SCV  
  15  0:38  SCV  
  15  0:41  Barracks  
  16  0:44  Refinery  
  16  0:51  SCV  
  17  1:03  SCV  
  18  1:15  SCV  
  19  1:28  Reaper, Orbital Command  
  20  1:41  Command Center  
  20  1:54  SCV  
  20  1:59  Supply Depot  
  20  2:00  Marine  
  22  2:06  SCV  
  22  2:07  Factory  
  23  2:14  Refinery  
  23  2:21  SCV, Barracks Reactor  
  24  2:33  SCV  
  25  2:45  SCV  
  26  2:52  Orbital Command  
  26  2:55  Widow Mine  
  26  2:57  SCV, Marine x2  
  31  2:59  Starport  
  31  3:09  SCV  
  32  3:15  Marine x2  
  34  3:20  Supply Depot, SCV  
  34  3:21  SCV  
  34  3:24  Factory Tech Lab  
  36  3:32  SCV  
  36  3:33  SCV, Marine x2  
  40  3:37  Medivac  
  42  3:43  Siege Tank  
  42  3:45  SCV x2  
  46  3:50  Marine  
  46  3:51  Liberator, Marine  
  46  3:52  Supply Depot  
  48  3:57  SCV  
  48  3:58  SCV  
  50  4:08  Marine  
  54  4:11  Supply Depot  
  54  4:14  SCV x2  
  57  4:18  Supply Depot  
  57  4:25  Refinery x2  
  57  4:26  SCV x2  
  57  4:28  Marine  
  57  4:29  Marine  
  60  4:33  Siege Tank  
  60  4:35  Supply Depot  
  60  4:36  Bunker  
  63  4:38  SCV x2  
  65  4:46  Marine x2  
  65  4:48  Liberator  
  65  4:50  SCV x2  
  69  5:02  SCV  
  69  5:03  SCV  
  69  5:04  Marine x2  
  76  5:13  Command Center  
  76  5:15  SCV x2  
  76  5:17  Siege Tank  
  81  5:25  Marine x2  
  81  5:27  SCV x2  
  85  5:31  Supply Depot  
  85  5:36  Barracks  
  85  5:37  Barracks  
  85  5:39  SCV  
  86  5:52  Medivac, Marine x2  
  86  5:53  SCV  
  86  5:56  SCV  
  92  5:58  Engineering Bay  
  92  5:59  Engineering Bay  
  92  6:05  SCV  
  92  6:08  SCV  
  94  6:15  Supply Depot  
  94  6:17  Marine x2  
  94  6:25  Siege Tank, SCV x2  
  99  6:27  SCV, Missile Turret  
  99  6:30  Barracks Tech Lab x2  
  99  6:31  Starport Reactor  
  100  6:34  Marine x2  
  100  6:37  SCV  
  102  6:42  SCV  
  102  6:51  Marauder x2, Combat Shields, Stimpack  
  102  6:52  Orbital Command  
  105  6:56  SCV x2  
  105  6:58  Barracks  
  105  6:59  Barracks  
  104  7:02  Marine x2  
  104  7:03  Siege Tank  
  104  7:05  Terran Infantry Armor Level 1, Terran Infantry Weapons Level 1  
  107  7:12  SCV  
  107  7:13  SCV  
  111  7:16  Marauder x2  
  111  7:25  SCV  
  111  7:28  Medivac x2, Marine x2  
  117  7:31  Orbital Command  
  117  7:36  Supply Depot  
  117  7:37  SCV  
  117  7:38  Supply Depot  
  117  7:40  Marauder  
  117  7:42  Marauder  
  125  7:49  SCV x2  
  122  7:55  Marine x2  
  122  7:56  Barracks Reactor, Barracks Tech Lab  
  124  8:00  SCV  
  124  8:01  SCV x2  
  127  8:08  Marauder x2  
  131  8:13  Marine x2  
  131  8:18  Marauder  
  131  8:19  Armory  
  135  8:23  SCV  
  135  8:24  SCV x2  
  138  8:27  Medivac  
  138  8:29  Marine  
  138  8:30  Refinery x2  
  141  8:46  Supply Depot  
  141  8:47  Supply Depot  
  141  8:48  Marauder x2, Medivac, Marine x3  
  143  8:55  Marine  
  143  8:56  Marauder  
  143  9:00  Medivac  
  147  9:06  Marine x3  
  149  9:10  Marauder  
  149  9:12  Marauder  
  149  9:13  Marine  
  152  9:17  Marauder  
  152  9:18  Medivac  
  152  9:23  Marine x2  
  158  9:24  Marine  
  161  9:31  Marauder, Marine  
  161  9:34  Marauder  
  164  9:39  Marauder  
  164  9:40  Command Center  
  164  9:41  Marine x2  
  164  9:42  Marine  
  158  9:49  Marine  
  155  9:52  Marauder  
  155  9:55  Marauder  
  155  9:59  Marine x2  
  162  10:00  Marauder  
  162  10:03  Marine  
  165  10:07  Marine  
  165  10:09  Barracks x2  
  165  10:10  Barracks  
Show
View Real Time Build Order
Export as new Build Order

Neeb Protoss - Winner!

Build Orders: 1 Gate Expand 

Get SALT Encoding   

  12  0:00  Probe (Chrono Boost)  
  13  0:11  Probe (Chrono Boost)  
  14  0:17  Pylon  
  14  0:21  Probe (Chrono Boost)  
  15  0:35  Probe (Chrono Boost)  
  16  0:36  Gateway  
  16  0:45  Probe (Chrono Boost)  
  17  0:56  Probe (Chrono Boost)  
  18  1:00  Assimilator  
  18  1:06  Probe (Chrono Boost)  
  19  1:19  Nexus  
  19  1:24  Probe (Chrono Boost)  
  20  1:31  Cybernetics Core  
  20  1:35  Probe (Chrono Boost)  
  21  1:40  Assimilator  
  21  1:45  Probe (Chrono Boost)  
  22  1:49  Pylon  
  22  1:56  Probe (Chrono Boost)  
  23  2:07  Probe (Chrono Boost), Adept (Chrono Boost)  
  23  2:08  Warp Gate  
  26  2:19  Probe  
  27  2:31  Mothership Core (Chrono Boost), Probe (Chrono Boost), Adept (Chrono Boost)  
  32  2:42  Probe (Chrono Boost)  
  33  2:50  Probe (Chrono Boost)  
  34  2:52  Probe (Chrono Boost)  
  34  2:57  Robotics Facility  
  35  3:01  Probe (Chrono Boost), Adept  
  35  3:03  Probe (Chrono Boost)  
  39  3:11  Probe (Chrono Boost)  
  40  3:13  Probe (Chrono Boost)  
  40  3:18  Pylon  
  41  3:22  Probe (Chrono Boost)  
  41  3:24  Probe (Chrono Boost)  
  43  3:32  Probe (Chrono Boost)  
  44  3:34  Probe (Chrono Boost)  
  45  3:43  Probe (Chrono Boost)  
  45  3:45  Probe (Chrono Boost)  
  45  3:46  Warp Prism (Chrono Boost)  
  45  3:47  Robotics Bay  
  49  3:51  Pylon, Assimilator  
  49  3:53  Probe (Chrono Boost)  
  49  3:55  Probe (Chrono Boost), Assimilator  
  49  4:04  Probe x2  
  49  4:07  Gateway  
  49  4:08  Gateway  
  51  4:14  Stalker  
  51  4:15  Probe  
  51  4:16  Probe  
  55  4:20  Observer (Chrono Boost)  
  56  4:25  Pylon, Probe  
  56  4:28  Probe  
  58  4:34  Gravitic Drive  
  58  4:36  Probe  
  58  4:37  Stalker  
  61  4:40  Probe  
  61  4:41  Pylon  
  61  4:43  Disruptor (Chrono Boost)  
  61  4:44  Pylon  
  65  4:47  Probe  
  65  4:52  Probe  
  67  5:00  Probe  
  67  5:01  Nexus  
  67  5:06  Pylon  
  68  5:07  Probe  
  68  5:11  Probe  
  73  5:14  Disruptor (Chrono Boost), Sentry  
  73  5:18  Twilight Council  
  73  5:20  Probe  
  76  5:21  Probe  
  77  5:31  Stalker  
  77  5:32  Pylon, Probe x2  
  81  5:42  Pylon, Probe  
  81  5:44  Probe, Observer (Chrono Boost)  
  81  5:48  Stalker x2  
  88  5:54  Probe  
  88  5:55  Blink (Chrono Boost)  
  89  6:00  Probe  
  89  6:02  Forge  
  89  6:03  Forge  
  90  6:08  Probe, Observer  
  92  6:14  Probe  
  93  6:23  Stalker x3  
  99  6:26  Immortal  
  99  6:29  Probe x2  
  105  6:39  Probe  
  102  6:47  Stalker x2  
  102  6:48  Stalker  
  102  6:49  Probe  
  102  6:50  Probe  
  102  6:51  Probe  
  110  7:01  Immortal  
  109  7:02  Probe x2  
  109  7:04  Assimilator  
  109  7:06  Protoss Ground Armor Level 1 (Chrono Boost), Protoss Ground Weapons Level 1 (Chrono Boost)  
  109  7:08  Assimilator  
  115  7:13  Gateway  
  115  7:14  Gateway  
  115  7:21  Probe x2  
  117  7:26  Gateway  
  117  7:27  Pylon  
  117  7:29  Extended Thermal Lance  
  117  7:32  Colossus  
  117  7:35  Pylon  
  117  7:37  Pylon  
  123  7:48  Stalker  
  123  7:49  Stalker x2  
  129  7:54  Gateway  
  129  7:56  Gateway  
  129  7:58  Pylon, Charge  
  129  8:04  Pylon  
  129  8:10  Probe  
  129  8:11  Probe  
  131  8:21  Nexus  
  131  8:22  Colossus  
  131  8:28  Photon Cannon  
  131  8:29  Photon Cannon  
  135  8:38  Stalker x2  
  135  8:39  Stalker x3  
  145  8:44  Pylon  
  145  8:53  Stalker  
  147  9:01  Gateway  
  147  9:02  Gateway  
  147  9:06  Adept x4  
  147  9:09  Colossus  
  153  9:10  Adept  
  156  9:29  Zealot x5  
  166  9:33  Pylon  
  160  9:46  Probe x2  
  160  9:52  Assimilator  
  163  9:54  Templar Archives  
  163  9:56  Assimilator  
  162  10:01  Observer  
  162  10:04  Sentry  
  165  10:11  Photon Cannon  
  163  10:15  Stalker x3  
Tags
 
Add a new tag
Caveats
  • Supply blocks, unpowered buildings, or Contaminate may cause inaccurate times.
  • Supply counts are checked every 10 seconds.